 Dungeon Crawl Stone Soup version 0.32-a0-329-ge6c31236d6 (webtiles) character file.

Game seed: 9749736584824466101

1554361 jestert79 the Spellbinder (level 27, 211/211 HPs)
             Began as a Djinni Hedge Wizard on Feb 14, 2024.
             Was an Initiate of Gozag.
             Escaped with the Orb
             ... and 3 runes on Feb 16, 2024!
             The game lasted 11:05:06 (77764 turns).

jestert79 the Spellbinder (Djinni Hedge Wizard)    Turns: 77764, Time: 11:05:07

Health: 211/211    AC: 18    Str:  9    XL:     27
Gold:   3081       EV: 22    Int: 25    God:    Gozag SH: 16 Dex: 18

rFire   + + .        b - staff of conjuration
rCold   . . .        X - +1 kite shield {reflect}
rNeg    + . .        w - +4 steam dragon scales
rPois   ∞            s - +2 helmet {SInv}
rElec   .            M - +2 cloak {Will+}
rCorr   .            Q - +2 pair of gloves {Stlth+}
SInv    +            (boots unavailable)
Will    +++..        g - amulet of regeneration
Stlth   +            p - ring of protection from cold
HPRegen 1.35/turn    Y - ring of positive energy
MPRegen 0.00/turn

%: reflection
@: flying, studying 3 skills, bribing [the Dungeon, the Realm of Zot, the
Depths]
A: sickness immunity, fire resistance 2, cold vulnerability 1, float, innate
caster, HP casting, extra vitality 1
0: Orb of Zot
}: 3/15 runes: decaying, serpentine, silver
a: Renounce Religion, Potion Petition, Call Merchant, Bribe Branch


You escaped.
You worshipped Gozag.
Gozag was most pleased with you.
You visited 11 branches of the dungeon, and saw 51 of its levels.
You also visited: Gauntlet.

You collected 29563 gold pieces.
You spent 5011 gold pieces at shops.
You paid 21471 gold pieces to Gozag.

Inventory:

Hand Weapons
 a - a +5 vampiric long sword
Missiles
 j - 4 throwing nets
 R - 7 curare-tipped darts
Armour
 s - a +2 helmet of see invisible (worn)
 w - +4 steam dragon scales (worn)
 M - a +2 cloak of willpower (worn)
 Q - a +2 pair of gloves of stealth (worn)
 X - a +1 kite shield of reflection (worn)
Magical Staves
 b - a staff of conjuration (weapon)
Jewellery
 d - a ring of willpower
 g - an amulet of regeneration (around neck)
 p - a ring of protection from cold (left hand)
 q - a ring of fire
 v - a ring of resist corrosion
 y - a +6 ring of intelligence
 C - a ring of protection from cold
 F - a ring of ice
 K - a ring of protection from fire
 T - the macabre finger necklace {Finger+ rN+}
   (You found it in a Gauntlet)

   [amulet of nothing]

   Finger+:   It enables you to equip an extra ring.
   rN+:       It protects you from negative energy.
 V - a +6 ring of intelligence
 Y - a ring of positive energy (right hand)
Wands
 l - a wand of charming (91)
 n - a wand of roots (58)
 t - a wand of digging (13)
 P - a wand of acid (28)
Scrolls
 f - 6 scrolls of fog
 i - 21 scrolls of teleportation
 r - 12 scrolls of poison
 z - 6 scrolls of vulnerability
 G - 9 scrolls of immolation
 H - a scroll of revelation
 I - 2 scrolls of butterflies
 O - 4 scrolls of fear
 Z - 2 scrolls of blinking
Potions
 c - 3 potions of resistance
 e - 12 potions of mutation
 h - 16 potions of might
 k - 2 potions of cancellation
 m - 26 potions of curing
 o - 4 potions of berserk rage
 u - 7 potions of ambrosia
 x - 8 potions of enlightenment
 A - 4 potions of lignification
 B - 6 potions of invisibility
 E - 7 potions of heal wounds
 J - 8 potions of brilliance
 U - 3 potions of haste
Miscellaneous
 D - a condenser vane
 L - a lightning rod (4/4)
 N - a phantom mirror
 S - a box of beasts
 W - a phial of floods


   Skills:
 + Level 21.9 Fighting
 - Level 10.4 Long Blades
 - Level 12.0 Staves
 + Level 16.3 Dodging
 - Level 3.0 Stealth
 - Level 18.8 Shields
 * Level 24.6 Spellcasting
 * Level 24.6 Conjurations
 O Level 27 Hexes
 * Level 24.6 Summonings
 * Level 24.6 Necromancy
 * Level 24.6 Translocations
 * Level 24.6 Fire Magic
 * Level 24.6 Ice Magic
 * Level 24.6 Air Magic
 * Level 24.6 Earth Magic
 * Level 24.6 Alchemy
 + Level 12.6 Evocations


You knew the following spells:

 Your Spells              Type           Power      Damage    Failure   Level
a - Magic Dart            Conj           100%       1d8       0%          1
b - Slow                  Hex            100%       N/A       0%          1
c - Blink                 Tloc           100%       N/A       0%          2
d - Call Imp              Summ           100%       N/A       0%          2
e - Mephitic Cloud        Conj/Alch/Air  100%       N/A       0%          3
f - Kiss of Death         Conj/Necr      100%       2d13      0%          1
g - Ensorcelled Hibernat  Hex/Ice        100%       N/A       0%          2
h - Searing Ray           Conj           100%       2d8       0%          2
i - Flame Wave            Conj/Fire      100%       2d21      0%          4
j - Iskenderun's Mystic   Conj/Tloc      100%       2d19      0%          4
k - Yara's Violent Unrav  Hex/Alch       51%        3d20      0%          5
l - Death Channel         Necr           50%        N/A       0%          6
m - Plasma Beam           Fire/Air       50%        2x1d65    0%          6
n - Monstrous Menagerie   Summ           50%        N/A       1%          7
o - Discord               Hex            52%        N/A       1%          8
p - Summon Horrible Thin  Summ           50%        N/A       1%          8
q - Borgnjor's Revivific  Necr           50%        N/A       1%          8
r - Fire Storm            Conj/Fire      62%        8d16      8%          9
Your spell library was empty.

Dungeon Overview and Level Annotations

Branches:
Dungeon (15/15)            Temple (1/1) D:5            Lair (5/5) D:8
  Swamp (4/4) Lair:2        Snake (4/4) Lair:2        Slime (0/5) Lair:4
    Orc (2/2) D:9             Elf (3/3) Orc:2        Vaults (5/5) D:13
  Crypt (3/3) Vaults:2       Tomb (0/3) Crypt:3      Depths (4/4) D:15
    Zot (5/5) Depths:4    Gauntlet (visited)

Altars:
Ashenzari
Cheibriados
Dithmenos
Elyvilon
Fedhas
Gozag
Hepliaklqana
Makhleb
Nemelex Xobeh
Okawaru
Qazlal
Ru
Trog
Uskayaw
Wu Jian
Xom
Yredelemnul
Zin
The Shining One
Beogh
Jiyva

Shops:
D:1 *   D:3 :   D:7 :   Orc:2 *[=(   Elf:1 [   Elf:2 (   Snake:1 :   Snake:2 *
Vaults:3 :   Depths:4 ::

Portals:
Hell: Depths:1 Depths:2 Depths:3 Depths:4
Abyss: Depths:1 Depths:3
Pandemonium: Depths:2 Depths:3 Depths:4
Ziggurat: Depths:3
Trove: Vaults:3 (give 8 scrolls of fog)

Annotations:
D:10 Boris
Lair:2 exclusion: downstairs
Elf:2 3 runed translucent doors
Depths:4 1 runed translucent door, exclusion: door, Drazool's ghost, veteran DgCj


Innate Abilities, Weirdness & Mutations

You are immune to sickness and miasma.
You are immune to poison.
Your flesh is very heat resistant. (rF++)
You are vulnerable to cold. (rC-)
You float through the air rather than walking.
You learn spells naturally, not from books.
Your magical power is your life essence.
You have superior vitality. (+4 MHP)


Message History

Confirm with . or Enter, or press ? or * to list all spells.
You feel a surge of power!
You erupt in a blast of force!
The mystic blast hits the hell beast!!
The hell beast is almost dead.
The hell beast completely misses you. You block the hell beast's attack.
Unknown command.
Unknown command.
The hell beast bites you! The hell beast barely misses you.
Casting: Iskenderun's Mystic Blast (safe; 0% risk of failure)
Confirm with . or Enter, or press ? or * to list all spells.
Casting: Plasma Beam (safe; 0% risk of failure)
Press: ? - help, Dir - look around, f - activate The bolt of lightning misses the hell beast.
The fiery plasma hits the hell beast!
The hell beast is almost dead.
You block the hell beast's attack.
The hell beast tramples you but does no damage.
Casting: Plasma Beam (safe; 0% risk of failure)
Confirm with . or Enter, or press ? or * to list all spells.
Casting: Plasma Beam (safe; 0% risk of failure)
Press: ? - help, Dir - look around, f - activate The bolt of lightning hits the hell beast!!!
You kill the hell beast!
Unknown command.
HP restored.
There is a stone staircase leading up here.
You fly upwards.
Your profane servitor grins greedily, jangling a coin purse.
A profane servitor comes into view.
It is wielding a +2 demon whip of freezing.
There is a stone staircase leading down here.
There is an escape hatch in the ceiling here.
A mysterious force pulls you upwards. The hatch slams shut behind you.
You see here a +0 club.
The profane servitor stares, then turns away, jangling a coin purse.
A profane servitor comes into view. It is wielding a +2 whip.
You see here a +0 plate armour.
You see here a +0 whip.
There is a faded altar of an unknown god here.
There is a staircase leading out of the dungeon here.
You have escaped!

#.# ##.......## #..##
#.###.........###...#
#.##....#..........##
#......####.........#
#.##...#####........###
#.###....##....##.....#
#...##.......#####....#
####.#......## #...#.#
#.##.@..## ##..##.#
#.##....## #...##.#
#.###....####..##..#
#.#####........##.##
#.....##.....####.#
#.####.###.###....# #.#
#.###.# #.####
#.####.##..# #.#
#......##.## #.#


There were no monsters in sight!

Vanquished Creatures
  An ancient lich (Vaults:5)
  A dread lich (Vaults:5)
  Mara (Swamp:4)
  A juggernaut (Depths:3)
  A royal mummy (Crypt:3)
  Sojobo (Vaults:2)
  A Killer Klown (Zot:3)
  Boris (twice) (Vaults:2 Crypt:2)
  the Lernaean hydra (Swamp:4)
  2 curse toes
  Saint Roka (Crypt:1)
  Nikola (Vaults:1)
  5 golden dragons
  3 bone dragons
  An electric golem (Zot:5)
  Zenata (Vaults:1)
  4 Orb Guardians (Zot:5)
  Mlioglotl (Snake:1)
  12 tentacled monstrosities
  5 liches
  Grunn (Zot:2)
  Asterion (Snake:4)
  The ghost of jestert79 the Peltast, an adept FoHs of Okawaru (Swamp:4)
  2 deep elf master archers (Elf:3)
  3 walking earthen tomes
  2 deep elf blademasters (Elf:3)
  2 titans
  3 quicksilver dragons
  3 thorn hunters
  6 ancient champions
  8 sphinxes
  8 death cobs
  12 storm dragons
  7 shadow dragons
  6 tengu reavers
  5 draconian monks
  12 fire giants
  2 frost giants (Depths:3)
  3 revenants
  A fenstrider witch (Swamp:3)
  4 nagarajas
  A protean progenitor (Zot:3)
  2 balrugs (Zot:3)
  3 draconian knights
  4 draconian shifters
  4 deep elf sorcerers
  An iron dragon (Vaults:5)
  A cacodemon (Depths:4)
  2 ghost moths
  9 vault wardens
  14 deep elf elementalists (Elf:3)
  15 ironbound preservers
  An orc warlord (Orc:2)
  13 ghouls
  A spriggan defender (Depths:2)
  A curse skull (Crypt:3)
  2 draconian annihilators
  The ghost of cforsyth the Warrior, a journeyman DjIE (Lair:5)
  9 vampire knights
  2 reapers
  2 draconian stormcallers
  5 very ugly things
  2 ironbound thunderhulks (Vaults:4)
  3 formless jellyfish
  11 stone giants
  The ghost of Persephone the Severer, a journeyman MDBe of Trog (Orc:1)
  7 deep elf death magi
  An eleionoma (Swamp:4)
  6 deep elf demonologists
  The ghost of jasper the Thaumaturge, a journeyman DEAl of Vehumet (Orc:2)
  Nessos (D:13)
  5 purple draconians
  3 red draconians
  6 spark wasps
  5 deep elf annihilators
  3 white draconians
  2 dire elephants (Vaults:2)
  3 green draconians
  4 bunyips
  4 yellow draconians
  A war gargoyle (Vaults:4)
  2 black draconians
  A minotaur (Gauntlet)
  2 crystal guardians (Vaults:2)
  A blizzard demon (Depths:3)
  4 shambling mangroves
  6 jiangshi
  4 ettins
  8 fire dragons
  An entropy weaver (Vaults:1)
  A deep elf high priest (Elf:3)
  6 mummy priests (Crypt:3)
  9 yaktaur captains
  10 great orbs of eyes
  3 rakshasas (D:15)
  5 catoblepae
  15 hydras
  20 vault guards
  2 peacekeepers
  6 salamander tyrants (Snake:4)
  2 hell beasts
  7 ice dragons
  5 ogre magi
  3 ghost crabs (Swamp:3)
  Erolcha (D:12)
  4 spriggan air magi (Depths:2)
  A jorogumo (shapeshifter) (Vaults:5)
  9 ironbound frosthearts
  3 tengu warriors
  17 dancing weapons
  11 anacondas
  11 alligators
  9 centaur warriors
  22 naga warriors
  9 two-headed ogres
  3 boulder beetles
  A death knight (D:13)
  2 deep troll earth magi
  3 vampire magi
  A demonic crawler (D:3)
  3 occultists
  15 naga sharpshooters
  7 soul eaters
  9 hell knights
  5 orc high priests (Orc:2)
  9 deep elf knights
  7 spriggan berserkers
  Urug (Lair:1)
  4 shock serpents
  A shock serpent (shapeshifter) (Vaults:5)
  2 sun demons
  A skyshark (shapeshifter) (Vaults:5)
  A sixfirhy (Depths:4)
  5 skysharks
  4 goliath frogs
  6 salamander mystics
  19 skeletal warriors
  A wretched star (Gauntlet)
  8 spriggan druids
  A spark wasp zombie (Crypt:1)
  An iron troll (Depths:4)
  2 death drakes (Zot:2)
  A sea snake (shapeshifter) (Vaults:5)
  16 swamp dragons
  6 flayed ghosts
  12 mana vipers
  47 deep trolls
  4 arcanists
  13 bog bodies
  10 deep elf archers
  10 harpies
  A spriggan simulacrum (Crypt:2)
  7 naga ritualists
  A bunyip skeleton (Crypt:1)
  A golden dragon skeleton (Depths:1)
  8 necromancers
  7 phantasmal warriors
  7 lindwurms
  14 ironbound convokers
  Pikel (D:6)
  16 deep elf zephyrmancers
  8 orc knights
  A wolf spider (Lair:5)
  20 deep elf pyromancers
  A fire giant zombie (Depths:1)
  A draconian zombie (Zot:2)
  18 salamanders
  2 manticores (D:14)
  6 orc sorcerers
  A faun (shapeshifter) (Vaults:5)
  8 ugly things
  6 cyclopes
  A stone giant zombie (Depths:1)
  16 moths of wrath
  A meliai (shapeshifter) (Elf:2)
  A jorogumo skeleton (Crypt:2)
  7 guardian serpents
  7 will-o-the-wisps
  2 centaur zombies
  An eye of devastation (shapeshifter) (Vaults:5)
  38 black mambas
  A torpor snail (Lair:3)
  An orange demon (Zot:1)
  11 vault sentinels
  17 naga magi
  3 centaur skeletons (D:15)
  A mana viper zombie (Crypt:3)
  Joseph (D:7)
  15 elephants
  5 gargoyles (D:13)
  A torpor snail (shapeshifter) (Vaults:5)
  20 cane toads
  3 smoke demons (Depths:2)
  A dire elephant skeleton (Crypt:1)
  The ghost of soberseth the Caller, a novice MfSu (D:5)
  2 freezing wraiths
  A kobold demonologist (D:14)
  3 unseen horrors (D:11)
  Maggie (D:7)
  A minotaur zombie (Gauntlet)
  A red draconian zombie (Crypt:3)
  A komodo dragon (shapeshifter) (Vaults:5)
  A yaktaur (shapeshifter) (Elf:3)
  16 yaktaurs
  An anaconda simulacrum (Crypt:1)
  An efreet (D:15)
  6 komodo dragons
  Jeremiah (D:6)
  2 alligator snapping turtle skeletons (Crypt:2)
  A sea snake zombie (Crypt:2)
  An ice devil (Zot:1)
  3 rime drakes
  A tengu conjurer (D:15)
  A catoblepas skeleton (Crypt:1)
  A yellow draconian skeleton (Crypt:3)
  A red draconian skeleton (Crypt:3)
  A red devil (Depths:3)
  A green draconian skeleton (Crypt:2)
  33 guardian mummies
  12 trolls
  10 polar bears
  A death drake zombie (Crypt:2)
  8 tyrant leeches
  19 hornets
  4 raiju (Lair:5)
  A harpy skeleton (Crypt:2)
  13 blink frogs
  2 dream sheep
  2 spriggan zombies
  A spriggan (shapeshifter) (Elf:3)
  Sigmund (D:3)
  A jumping spider (shapeshifter) (Vaults:5)
  7 shadows
  An air elemental (Elf:1)
  14 spriggans
  2 wraiths
  36 slime creatures
  57 yaks
  A human (D:13)
  4 fire elementals
  3 water elementals
  2 ushabtiu (Crypt:3)
  8 basilisks
  2 neqoxecs (Gauntlet)
  17 vampire mosquitoes
  A steam dragon (D:7)
  4 wargs
  18 wyverns
  2 redbacks (Lair:5)
  50 nagas
  14 swamp worms
  A demonspawn zombie (Crypt:3)
  5 acid dragons
  A naga skeleton (Crypt:2)
  A hydra simulacrum (Crypt:2)
  A cane toad zombie (Crypt:3)
  29 water moccasins
  13 hell hounds
  A merfolk skeleton (Crypt:1)
  13 black bears
  A sky beast (D:7)
  30 orc warriors
  7 swamp drakes (Swamp:4)
  17 laughing skulls
  3 ice beasts
  9 ogres
  18 wolves
  A boggart (Lair:5)
  16 centaurs
  A salamander zombie (Crypt:1)
  Blork the orc (D:5)
  A phantom (D:5)
  A vine stalker zombie (Crypt:2)
  4 kobold brigands
  5 necrophages
  9 bullfrogs
  A draconian skeleton (Crypt:1)
  3 scorpions
  4 earth elementals
  9 wights
  A hornet simulacrum (D:15)
  2 killer bees (D:10)
  10 electric eels
  A spriggan skeleton (Crypt:3)
  12 howler monkeys
  A bombardier beetle (D:6)
  2 crimson imps
  7 hounds
  A gnoll bouda (D:8)
  18 orc priests
  2 sleepcaps
  Ijyb (D:5)
  A black bear skeleton (Crypt:2)
  6 iguanas
  27 orc wizards
  A tengu simulacrum (Depths:1)
  A crocodile skeleton (Crypt:2)
  4 mummies (Crypt:3)
  9 gnolls
  A howler monkey skeleton (Crypt:2)
  8 adders
  A steam dragon skeleton (Crypt:3)
  3 white imps
  2 ufetubi (D:5)
  69 orcs
  7 ball pythons
  3 bats
  A bat skeleton (Crypt:2)
  7 endoplasms
  3 giant cockroaches
  5 goblins
  5 hobgoblins
  29 kobolds
  6 quokkas
  An endoplasm zombie (Crypt:1)
  2 frilled lizards
  2 goblin skeletons (D:7)
  A goblin zombie (D:7)
  A hobgoblin zombie (D:7)
  A kobold skeleton (D:7)
  2 kobold zombies (D:7)
  3 rats
1927 creatures vanquished.

Vanquished Creatures (collateral kills)
  A curse toe (Zot:2)
  3 golden dragons
  Norris (Vaults:2)
  2 doom hounds (Zot:2)
  A walking earthen tome (Depths:3)
  4 Orb Guardians (Zot:5)
  A tentacled monstrosity (Vaults:5)
  3 shadow dragons
  4 storm dragons
  3 fire giants
  4 draconian knights
  A protean progenitor (Zot:2)
  A draconian monk (Zot:2)
  A frost giant (Depths:2)
  A ghost moth (Zot:4)
  A draconian stormcaller (Zot:4)
  2 vault wardens (Vaults:4)
  4 draconian scorchers (Zot:3)
  5 ghouls
  An ironbound preserver (Vaults:1)
  3 draconian shifters (Zot:4)
  6 draconian annihilators
  13 very ugly things
  A stone giant (Depths:2)
  8 green draconians
  5 white draconians
  2 deep elf death magi
  3 black draconians
  A purple draconian (Zot:2)
  6 yellow draconians
  A dire elephant (Vaults:2)
  A deep elf annihilator (Vaults:5)
  2 spark wasps (Depths:3)
  6 red draconians
  2 ettins
  6 fire dragons
  A yaktaur captain (Vaults:5)
  A great orb of eyes (Vaults:4)
  2 deep elf high priests
  A hydra (Lair:3)
  An ironbound frostheart (Vaults:2)
  2 vault guards (Vaults:5)
  A rakshasa (Depths:2)
  2 boulder beetles
  2 deep troll earth magi
  A hell hog (Lair:5)
  An occultist (Depths:2)
  A vampire mage (Crypt:3)
  A sun demon (Depths:4)
  2 hell knights
  A skyshark (Vaults:2)
  4 deep trolls
  3 iron trolls (Depths:4)
  A spriggan druid (Swamp:4)
  A salamander mystic (Snake:4)
  An arcanist (Vaults:2)
  3 phantasmal warriors
  An ironbound convoker (Vaults:4)
  3 lindwurms
  A deep elf pyromancer (Elf:3)
  An orc knight (Orc:1)
  12 ugly things
  A jorogumo zombie (Crypt:1)
  A necromancer (Vaults:4)
  4 moths of wrath
  2 salamanders (Depths:2)
  A rust devil (D:5)
  A vault sentinel (Vaults:5)
  A black mamba (Snake:1)
  3 yaktaurs
  2 tengu conjurers (Depths:2)
  2 guardian mummies (Crypt:3)
  2 trolls (Zot:3)
  A polar bear (Lair:5)
  A merfolk (shapeshifter) (Depths:4)
  A dream sheep (Lair:3)
  A glass eye (Depths:3)
  8 slime creatures
  6 yaks
  A warg (Lair:5)
  A wraith (Crypt:1)
  4 hell hounds (Lair:5)
  5 laughing skulls
  An orc warrior (Orc:1)
  3 black bears
  An ogre (Vaults:3)
  6 wolves (Lair:5)
  A kobold brigand (D:10)
  5 wights
  A bombardier beetle (D:3)
  An orc priest (Crypt:1)
  An iguana (D:5)
  A mummy (Crypt:3)
  A ribbon worm (D:2)
232 creatures vanquished.

Vanquished Creatures (others)
  Frederick (Vaults:5)
  An orb of fire (Zot:5)
  An ancient lich (Zot:5)
  3 Killer Klowns (Zot:5)
  A curse toe (Zot:5)
  3 golden dragons
  A doom hound (Zot:2)
  2 tentacled monstrosities (Zot:5)
  A lich (Vaults:5)
  10 Orb Guardians (Zot:5)
  3 titans (Vaults:5)
  A storm dragon (Zot:2)
  A tengu reaver (Vaults:5)
  A shadow dragon (Depths:2)
  3 draconian knights (Zot:5)
  3 vault wardens (Vaults:5)
  A frost giant (Vaults:5)
  A draconian shifter (Zot:1)
  A ghoul (Crypt:1)
  2 ironbound preservers (Vaults:5)
  3 draconian stormcallers
  A stone giant (Vaults:5)
  9 very ugly things
  2 draconian annihilators
  A green draconian (Zot:2)
  2 deep elf death magi (Vaults:5)
  3 black draconians
  3 yellow draconians
  2 white draconians (Zot:5)
  4 spark wasps
  2 red draconians
  An ettin (Vaults:5)
  A deep elf high priest (Elf:3)
  3 yaktaur captains (Vaults:5)
  15 vault guards (Vaults:5)
  A deep troll earth mage (Vaults:5)
  2 hell knights (Depths:3)
  A deep elf knight (Elf:3)
  A goliath frog (Zot:2)
  4 deep trolls
  A salamander mystic (Depths:2)
  An ironbound convoker (Vaults:5)
  An orange crystal statue (Zot:5)
  A mana viper (shapeshifter) (Vaults:5)
  2 phantasmal warriors
  A deep elf zephyrmancer (Elf:3)
  A necromancer (Depths:3)
  A deep elf pyromancer (Elf:2)
  7 ugly things
  3 moths of wrath
  A salamander (Depths:2)
  A yaktaur (Vaults:3)
  2 guardian mummies (Crypt:3)
  A bloated husk (Swamp:2)
  A tyrant leech (Swamp:3)
  2 laughing skulls (Crypt:1)
  An ogre (Vaults:3)
  An orc priest (Orc:2)
  A mummy (Crypt:3)
  2 fire vortices (Zot:4)
  14 foxfires
148 creatures vanquished.

Grand Total: 2307 creatures vanquished

Notes
Turn   | Place    | Note
-------+----------+-------------------------------------------
     0 | D:1      | jestert79 the Djinni Hedge Wizard began the quest for the
                  | Orb.
     0 | D:1      | jestert79 set off with the following spells memorised:
                  | Magic Dart, Slow, Blink, Call Imp, Mephitic Cloud.
     0 | D:1      | Reached XP level 1. HP: 15/15 MP: 0/0
   122 | D:1      | Found a faded altar of an unknown god.
   366 | D:1      | Reached XP level 2. HP: 21/21 MP: 0/0
   599 | D:1      | Reached XP level 3. HP: 24/25 MP: 0/0
   599 | D:1      | Learned a level 1 spell: Kiss of Death
   700 | D:1      | Found Aruoczu's Assorted Antiques.
  1030 | D:2      | Identified the +2 whip "Tukat" {antimagic, +Blink rN+++
                  | rCorr Int-3}
  1064 | D:2      | Reached XP level 4. HP: 31/31 MP: 0/0
  1481 | D:3      | Reached skill level 4 in Hexes
  1481 | D:3      | Reached XP level 5. HP: 35/35 MP: 0/0
  1481 | D:3      | Learned a level 2 spell: Ensorcelled Hibernation
  1538 | D:3      | Found a glowing silver altar of Zin.
  1726 | D:3      | Found a sacrificial altar of Ru.
  2017 | D:3      | Found Uklaoco's Book Shoppe.
  2236 | D:3      | Noticed Sigmund
  2307 | D:3      | Reached XP level 6. HP: 37/40 MP: 0/0
  2427 | D:3      | Killed Sigmund
  2428 | D:3      | Reached skill level 5 in Spellcasting
  2428 | D:3      | Reached skill level 5 in Conjurations
  2428 | D:3      | Reached skill level 5 in Hexes
  2428 | D:3      | Reached skill level 5 in Summonings
  2428 | D:3      | Reached skill level 5 in Necromancy
  2428 | D:3      | Reached skill level 5 in Translocations
  2428 | D:3      | Reached skill level 5 in Fire Magic
  2428 | D:3      | Reached skill level 5 in Ice Magic
  2428 | D:3      | Reached skill level 5 in Air Magic
  2428 | D:3      | Reached skill level 5 in Earth Magic
  2428 | D:3      | Reached skill level 5 in Alchemy
  2428 | D:3      | Reached XP level 7. HP: 45/45 MP: 0/0
  2428 | D:3      | Learned a level 2 spell: Searing Ray
  2690 | D:3      | Reached skill level 6 in Hexes
  2974 | D:4      | Found a snail-covered altar of Cheibriados.
  3019 | D:4      | Reached skill level 1 in Fighting
  3054 | D:4      | Found a hide-covered altar of Uskayaw.
  3125 | D:4      | Reached skill level 1 in Long Blades
  3216 | D:4      | Identified the +3 scale mail of the Lost Path {-Tele Harm
                  | rPois Dex+3}
  3356 | D:5      | Entered Level 5 of the Dungeon
  3406 | D:5      | Noticed Ijyb
  3424 | D:5      | Killed Ijyb
  3460 | D:5      | Found a runed translucent door.
  3758 | D:5      | Reached XP level 8. HP: 52/54 MP: 0/0
  3909 | D:5      | Noticed soberseth's ghost (novice MfSu)
  4148 | D:5      | Found a staircase to the Ecumenical Temple.
  4156 | Temple   | Entered the Ecumenical Temple
  4166 | Temple   | Became a worshipper of Gozag Ym Sagoz the Greedy
  4191 | D:5      | Noticed Blork the orc
  4202 | D:5      | Killed Blork the orc
  4499 | D:5      | Found a runed translucent door.
  4629 | D:6      | Noticed Pikel
  4632 | D:6      | Noticed Jeremiah
  4637 | D:6      | Killed Pikel
  4638 | D:6      | Reached skill level 5 in Dodging
  4638 | D:6      | Reached XP level 9. HP: 40/62 MP: 0/0
  4638 | D:6      | Learned a level 4 spell: Flame Wave
  4778 | D:6      | Killed Jeremiah
  4919 | D:6      | Reached skill level 7 in Hexes
  4933 | D:6      | Reached skill level 5 in Fighting
  5696 | D:7      | Reached XP level 10. HP: 34/70 MP: 0/0
  5863 | D:7      | Reached skill level 5 in Long Blades
  5913 | D:7      | Found a glowing golden altar of the Shining One.
  5960 | D:7      | Noticed Joseph
  5962 | D:7      | Found Onnits's Book Boutique.
  5971 | D:7      | Killed Joseph
  6058 | D:7      | Noticed Maggie
  6534 | D:7      | Killed Maggie
  6867 | D:8      | Noticed a two-headed ogre
  6871 | D:8      | Found a staircase to the Lair.
  7202 | D:8      | Reached XP level 11. HP: 73/78 MP: 0/0
  7202 | D:8      | Learned a level 4 spell: Iskenderun's Mystic Blast
  7429 | D:8      | Killed a two-headed ogre
  7733 | D:8      | Found a shimmering altar of Xom.
  8158 | D:9      | Upgraded the game from 0.32-a0-306-gfed3edf829 to
                  | 0.32-a0-314-g526f7d4993
  8169 | D:9      | Found a staircase to the Orcish Mines.
  8207 | D:9      | Found a burning altar of Makhleb.
  8423 | D:9      | Found a white marble altar of Elyvilon.
  8430 | D:9      | Found a shadowy altar of Dithmenos.
  8617 | Lair:1   | Entered Level 1 of the Lair of Beasts
  8739 | Lair:1   | Noticed a catoblepas
  9236 | Lair:1   | Reached skill level 8 in Hexes
  9242 | Lair:1   | Noticed Urug
  9250 | Lair:1   | Reached XP level 12. HP: 86/86 MP: 0/0
  9274 | Lair:1   | Killed Urug
  9786 | Lair:1   | Killed a catoblepas
 10003 | Lair:2   | Noticed a skyshark
 10035 | Lair:2   | Reached skill level 10 in Long Blades
 10319 | D:1      | Bought a scroll labelled QUSHIA MIFIWO for 33 gold pieces
 10319 | D:1      | Bought a scroll labelled HAW GICOSOPUBE for 33 gold pieces
 10319 | D:1      | Bought a scroll labelled XUICYN RAEPP for 33 gold pieces
 10319 | D:1      | Bought an inky potion for 29 gold pieces
 10319 | D:1      | Bought a potion of magic for 264 gold pieces
 10319 | D:1      | Bought a cyan potion for 29 gold pieces
 10545 | Lair:2   | Reached skill level 10 in Dodging
 10689 | Lair:2   | Reached skill level 1 in Evocations
 10755 | Lair:2   | Found a staircase to the Snake Pit.
 10803 | Lair:2   | Noticed a catoblepas
 11070 | Lair:2   | Noticed a swamp dragon
 11118 | Lair:2   | Killed a swamp dragon
 11227 | Lair:2   | Killed a skyshark
 11321 | Lair:2   | Noticed an ice dragon
 11368 | Lair:2   | Reached skill level 1 in Shields
 11416 | Lair:2   | Reached XP level 13. HP: 83/94 MP: 0/0
 11416 | Lair:2   | Learned a level 5 spell: Yara's Violent Unravelling
 11554 | Lair:2   | Found a staircase to the Swamp.
 11821 | Lair:2   | Killed a catoblepas
 12167 | Lair:3   | Noticed a seven-headed hydra
 12287 | Lair:3   | Reached skill level 5 in Shields
 12312 | Lair:3   | Reached skill level 9 in Hexes
 12339 | Lair:3   | Reached skill level 5 in Evocations
 12608 | Lair:3   | Found a frozen archway.
 13212 | Lair:3   | Identified the +5 war axe of Meill {flame, rC++ Dex+2}
 13298 | Lair:4   | Found a staircase to the Slime Pits.
 13299 | Lair:4   | Found a viscous altar of Jiyva.
 13383 | Lair:4   | Reached skill level 10 in Spellcasting
 13383 | Lair:4   | Reached skill level 10 in Conjurations
 13383 | Lair:4   | Reached skill level 10 in Hexes
 13383 | Lair:4   | Reached skill level 10 in Summonings
 13383 | Lair:4   | Reached skill level 10 in Necromancy
 13383 | Lair:4   | Reached skill level 10 in Translocations
 13383 | Lair:4   | Reached skill level 10 in Fire Magic
 13383 | Lair:4   | Reached skill level 10 in Ice Magic
 13383 | Lair:4   | Reached skill level 10 in Air Magic
 13383 | Lair:4   | Reached skill level 10 in Earth Magic
 13383 | Lair:4   | Reached skill level 10 in Alchemy
 13899 | Lair:4   | Reached skill level 11 in Hexes
 14566 | Lair:5   | Entered Level 5 of the Lair of Beasts
 14573 | Lair:5   | Reached XP level 14. HP: 88/101 MP: 0/0
 14637 | Lair:5   | Found a runed translucent door.
 14641 | Lair:5   | Noticed cforsyth's ghost (journeyman DjIE)
 14647 | Lair:5   | Identified the +5 trident "Ulerchyd" {heavy, ^Fragile rPois
                  | rF++ Str+3}
 14954 | Lair:5   | Reached skill level 10 in Fighting
 15590 | Lair:5   | Reached skill level 12 in Hexes
 15838 | Lair:5   | Identified the +0 robe of Viny Birdsong {+Blink rC+ Str-4
                  | Int+8}
 16125 | Lair:5   | Found the +3 pair of seven-league boots {Rampage+∞}
 16778 | Lair:5   | Reached XP level 15. HP: 109/112 MP: 0/0
 16778 | Lair:5   | Learned a level 6 spell: Death Channel
 18003 | Lair:3   | Reached skill level 13 in Hexes
 18511 | Orc:1    | Entered Level 1 of the Orcish Mines
 18575 | Orc:1    | Found a bloodstained altar of Trog.
 19042 | Orc:1    | Found a runed translucent door.
 19042 | Orc:1    | Noticed Persephone's ghost (journeyman MDBe)
 19141 | Orc:2    | Entered Level 2 of the Orcish Mines
 19152 | Orc:2    | Found a staircase to the Elven Halls.
 20101 | Orc:2    | Found a roughly hewn altar of Beogh.
 20217 | Orc:2    | Noticed an orc warlord
 20222 | Orc:2    | Noticed jasper's ghost (journeyman DEAl)
 20232 | Orc:2    | Killed an orc warlord
 20258 | Orc:2    | Found a runed translucent door.
 20458 | Orc:2    | Found Pukany's General Store.
 20459 | Orc:2    | Found Odoes's Jewellery Boutique.
 20462 | Orc:2    | Found Qupumuwu's Antique Armour Boutique.
 20462 | Orc:2    | Found Ponym's Antique Weapon Shop.
 20507 | Orc:2    | Bought a pair of glowing gloves for 180 gold pieces
 20523 | Orc:2    | Bought a scroll of identify for 24 gold pieces
 20523 | Orc:2    | Bought 2 scrolls of identify for 48 gold pieces
 20721 | D:10     | Entered Level 10 of the Dungeon
 21128 | D:10     | Identified the +10 war axe of Excruciating Pain {freeze,
                  | rF- rCorr SInv Stlth+}
 21430 | D:10     | Reached XP level 16. HP: 113/121 MP: 0/0
 21481 | D:10     | Found an iron altar of Okawaru.
 22212 | D:11     | You are sucked into a shaft and drop 2 floors!
 22499 | D:13     | Found a gate leading to a gauntlet.
 22508 | Gauntlet | Entered a Gauntlet
 22508 | Gauntlet | Found the macabre finger necklace {Finger+ rN+}
 22508 | Gauntlet | Found a transporter.
 22508 | Gauntlet | Found a transporter.
 22508 | Gauntlet | Found a transporter.
 22509 | Gauntlet | Found a transporter.
 22512 | Gauntlet | Found a transporter.
 22513 | Gauntlet | Found the +2 cloak of the Thief {*Fog Slay-2 SInv Stlth+}
 22514 | Gauntlet | Found a large runed translucent door.
 22515 | Gauntlet | Found a large runed translucent door.
 22516 | Gauntlet | Found a large runed translucent door.
 22516 | Gauntlet | Found a large runed translucent door.
 22516 | Gauntlet | Found a runed translucent door.
 22516 | Gauntlet | Found a runed translucent door.
 22517 | Gauntlet | Found a large runed translucent door.
 22518 | Gauntlet | Found a large runed translucent door.
 22518 | Gauntlet | Found a large runed translucent door.
 22518 | Gauntlet | Found a large runed translucent door.
 22519 | Gauntlet | Found a large runed translucent door.
 22520 | Gauntlet | Found a large runed translucent door.
 22524 | Gauntlet | Found a transporter.
 22530 | Gauntlet | Found a transporter.
 22531 | Gauntlet | Found a transporter.
 22531 | Gauntlet | Found a large runed translucent door.
 22532 | Gauntlet | Found a large runed translucent door.
 22532 | Gauntlet | Found a large runed translucent door.
 22532 | Gauntlet | Found a large runed translucent door.
 22533 | Gauntlet | Found a large runed translucent door.
 22534 | Gauntlet | Found a large runed translucent door.
 22543 | Gauntlet | Found a runed translucent gate.
 22543 | Gauntlet | Found a runed translucent gate.
 22543 | Gauntlet | Found a runed translucent gate.
 22545 | Gauntlet | Found a transporter.
 22568 | Gauntlet | Found a transporter.
 22595 | Gauntlet | Found a transporter.
 22664 | Gauntlet | Found a transporter.
 23226 | D:12     | Noticed Erolcha
 23236 | D:12     | Killed Erolcha
 25082 | D:13     | Noticed Nessos
 25094 | D:13     | Killed Nessos
 25880 | D:13     | Found a gate to the Vaults.
 26236 | D:14     | Reached skill level 14 in Hexes
 26717 | D:15     | Entered Level 15 of the Dungeon
 26723 | D:15     | Found a broken altar of Ashenzari.
 27084 | D:15     | Reached skill level 10 in Shields
 27084 | D:15     | Reached XP level 17. HP: 108/129 MP: 0/0
 27084 | D:15     | Learned a level 6 spell: Plasma Beam
 27173 | D:15     | Found a staircase to the Depths.
 28097 | Snake:1  | Entered Level 1 of the Snake Pit
 28464 | Snake:1  | Noticed Mlioglotl
 28796 | Snake:1  | Found Lyromaz's Vocational Training.
 28872 | Snake:1  | Bought a manual of Evocations for 880 gold pieces
 29058 | Snake:1  | Killed Mlioglotl
 29687 | Snake:2  | Found Guoc's Goods Gallery.
 30133 | Snake:2  | Reached skill level 15 in Fighting
 30638 | Snake:3  | Reached XP level 18. HP: 124/138 MP: 0/0
 31483 | Snake:3  | Identified the +0 ring mail of Autumn {-Tele rPois rF++
                  | Stlth+}
 31638 | Snake:3  | Reached skill level 15 in Spellcasting
 31638 | Snake:3  | Reached skill level 15 in Conjurations
 31638 | Snake:3  | Reached skill level 15 in Hexes
 31638 | Snake:3  | Reached skill level 15 in Summonings
 31638 | Snake:3  | Reached skill level 15 in Necromancy
 31638 | Snake:3  | Reached skill level 15 in Translocations
 31638 | Snake:3  | Reached skill level 15 in Fire Magic
 31638 | Snake:3  | Reached skill level 15 in Ice Magic
 31638 | Snake:3  | Reached skill level 15 in Air Magic
 31638 | Snake:3  | Reached skill level 15 in Earth Magic
 31638 | Snake:3  | Reached skill level 15 in Alchemy
 31901 | Snake:4  | Entered Level 4 of the Snake Pit
 31928 | Snake:4  | Reached skill level 10 in Evocations
 32642 | Snake:4  | Noticed Asterion
 32660 | Snake:4  | Killed Asterion
 32727 | Snake:4  | Reached skill level 15 in Dodging
 33507 | Snake:4  | Reached XP level 19. HP: 133/143 MP: 0/0
 33507 | Snake:4  | Learned a level 7 spell: Monstrous Menagerie
 34353 | Snake:4  | Got a serpentine rune of Zot
 34504 | Swamp:1  | Entered Level 1 of the Swamp
 34999 | Swamp:1  | Reached skill level 16 in Hexes
 35046 | Swamp:1  | You are sucked into a shaft and drop 1 floor!
 36805 | Swamp:4  | Entered Level 4 of the Swamp
 36952 | Swamp:4  | Noticed Mara
 37095 | Swamp:4  | Noticed jestert79's illusion
 37325 | Swamp:4  | Noticed jestert79's ghost (adept FoHs)
 37354 | Swamp:4  | Reached XP level 20. HP: 139/149 MP: 0/0
 37515 | Swamp:4  | Found a runed translucent gate.
 37515 | Swamp:4  | Found a runed translucent gate.
 37517 | Swamp:4  | Found a runed translucent gate.
 37565 | Swamp:4  | Killed Mara
 37972 | Swamp:4  | Noticed the 27-headed Lernaean hydra
 37978 | Swamp:4  | Killed the 27-headed Lernaean hydra
 38161 | Swamp:4  | Got a decaying rune of Zot
 38627 | Vaults:1 | Entered Level 1 of the Vaults
 38813 | Vaults:1 | Reached skill level 17 in Hexes
 39170 | Vaults:1 | Noticed Nikola
 39179 | Vaults:1 | Killed Nikola
 40215 | Vaults:1 | Noticed Zenata
 40231 | Vaults:1 | Killed Zenata
 40581 | Vaults:1 | Identified the +0 scale mail of Zeomups {Rampage rN+ Regen+
                  | Int-2}
 40887 | Vaults:2 | Reached XP level 21. HP: 127/157 MP: 0/0
 40887 | Vaults:2 | Learned a level 8 spell: Discord
 41084 | Vaults:2 | Found a staircase to the Crypt.
 41093 | Vaults:2 | Reached skill level 15 in Shields
 41911 | Vaults:2 | Noticed Sojobo
 42270 | Vaults:2 | Noticed Norris
 42287 | Vaults:2 | Killed Norris
 42676 | Vaults:1 | Reached skill level 18 in Hexes
 42812 | Elf:1    | Entered Level 1 of the Elven Halls
 43039 | Elf:1    | Paralysed by an air elemental for 1 turns
 43042 | Elf:1    | Paralysed by an air elemental for 1 turns
 43256 | Elf:1    | Found Baw Ijufa's Armour Shoppe.
 43260 | Elf:1    | Bought a +2 helmet of see invisible for 258 gold pieces
 44217 | Elf:2    | Found Wutudireh's Weapon Shoppe.
 44704 | Elf:2    | Found a runed translucent gate.
 44705 | Elf:2    | Found a runed translucent gate.
 44705 | Elf:2    | Found a runed translucent gate.
 44874 | Elf:3    | Entered Level 3 of the Elven Halls
 45025 | Elf:3    | Reached XP level 22. HP: 121/166 MP: 0/0
 45912 | Elf:3    | Identified the +10 hand axe "Tormentor" {heavy, *Corrode
                  | Dex+6}
 45912 | Elf:3    | Identified the +0 leather armour of Impressiveness {rElec}
 46087 | Elf:3    | Reached skill level 19 in Hexes
 46392 | Elf:3    | Identified the ring of Vanity {*Slow rN+ Dex+6 SInv}
 46600 | Elf:3    | Identified the +2 hand axe of Grace {drain, rElec MP+9
                  | Stlth+}
 46876 | Elf:3    | Identified the +0 pair of gloves "Kaowinodgh" {Harm +Blink
                  | rC- Will+}
 46906 | Elf:3    | Identified the staff "Nauderan" {rC+ Str+3 Int+2 Dex-4 Ice
                  | Alchemy}
 47430 | Vaults:2 | Killed Sojobo
 47766 | Vaults:3 | Found Mymip's Book Emporium.
 47955 | Vaults:3 | Identified the +0 helmet "Koxaser" {Will+ Str+2 Int-4
                  | Dex+7}
 48197 | Vaults:3 | Found a portal to a secret trove of treasure.
 48927 | Vaults:3 | Reached XP level 23. HP: 157/175 MP: 0/0
 48927 | Vaults:3 | Learned a level 8 spell: Summon Horrible Things
 49046 | Vaults:4 | Reached skill level 20 in Hexes
 49765 | Vaults:4 | Upgraded the game from 0.32-a0-314-g526f7d4993 to
                  | 0.32-a0-329-ge6c31236d6
 50215 | Vaults:3 | Bought a manual of Staves for 1600 gold pieces
 50268 | Vaults:4 | Reached skill level 1 in Staves
 50629 | Vaults:4 | Reached skill level 5 in Staves
 51405 | Depths:1 | Entered Level 1 of the Depths
 51405 | Depths:1 | Found a hide-covered altar of Uskayaw.
 51595 | Depths:1 | Found a gateway to Hell.
 51709 | Depths:1 | Found a one-way gate to the infinite horrors of the Abyss.
 52001 | Depths:1 | Found a blossoming altar of Fedhas.
 52186 | Depths:1 | Identified the +3 chain mail of Moral Flaws {Str+3}
 53097 | Depths:2 | Reached XP level 24. HP: 178/184 MP: 0/0
 53513 | Depths:2 | Found a one-way gate leading to the halls of Pandemonium.
 54087 | Depths:2 | Identified the +7 chain mail of the Nexus {-Cast rF++ rC+
                  | SInv}
 54338 | Depths:3 | Noticed a golden dragon
 54348 | Depths:3 | Killed a golden dragon
 54474 | Depths:3 | Found a one-way gateway to a ziggurat.
 54813 | Depths:3 | Identified the +8 great mace of the Boiling Point {elec,
                  | rElec rN+ Stlth+}
 54881 | Depths:3 | Noticed a juggernaut
 54897 | Depths:3 | Killed a juggernaut
 55836 | Depths:4 | Entered Level 4 of the Depths
 55939 | Depths:4 | Identified the +1 spear of the Secret Blessings {heavy, rC+
                  | Dex+3}
 56066 | Depths:4 | Found Tunatim's Book Emporium.
 56071 | Depths:4 | Bought a manual of Hexes for 1600 gold pieces
 56208 | Depths:4 | Reached skill level 21 in Hexes
 56492 | Depths:4 | Found a runed translucent door.
 56492 | Depths:4 | Noticed Drazool's ghost (veteran DgCj)
 56868 | D:5      | Killed soberseth's ghost
 57240 | Lair:5   | Killed cforsyth's ghost
 57509 | Swamp:4  | Killed jestert79's ghost
 57819 | Orc:1    | Killed Persephone's ghost
 57927 | Orc:2    | Killed jasper's ghost
 58518 | Depths:4 | Found a gate to the Realm of Zot.
 58772 | Depths:4 | Found Viudes's Book Shop.
 58784 | Depths:4 | Reached XP level 25. HP: 185/193 MP: 0/0
 58784 | Depths:4 | Learned a level 8 spell: Borgnjor's Revivification
 59562 | Crypt:1  | Entered Level 1 of the Crypt
 59573 | Crypt:1  | Identified the +2 robe "Kitiuvy" {rCorr}
 59573 | Crypt:1  | Noticed Boris
 59756 | Vaults:2 | Killed Boris
 59757 | Vaults:2 | Reached skill level 10 in Staves
 59873 | Crypt:1  | Noticed Saint Roka
 59878 | Crypt:1  | Killed Saint Roka
 61704 | Crypt:2  | Identified the +2 robe "Ceehouc" {Will+}
 61704 | Crypt:2  | Noticed Boris
 61726 | Crypt:2  | Killed Boris
 62115 | Crypt:3  | Entered Level 3 of the Crypt
 62245 | Crypt:3  | Reached skill level 22 in Hexes
 62396 | Crypt:3  | Found a staircase to the Tomb.
 63739 | Crypt:3  | Reached XP level 26. HP: 173/192 MP: 0/0
 64135 | Crypt:3  | Identified the +0 robe "Palaudd" {^Drain rC- Will++ Int+8}
 64184 | Crypt:3  | Identified the +3 shortbow "Xihicw" {flame, rPois Will+
                  | Dex+3}
 64265 | Crypt:3  | Noticed a royal mummy
 64491 | Crypt:3  | Killed a royal mummy
 64600 | Crypt:3  | Identified the death talisman of the Shrike {Str+5}
 65495 | Crypt:3  | Identified the staff "Qiegg" {rPois Dex+6 Alchemy}
 65703 | Vaults:5 | Entered Level 5 of the Vaults
 65704 | Vaults:5 | Noticed a dread lich
 65712 | Vaults:5 | Killed a dread lich
 66467 | Vaults:5 | Got a silver rune of Zot
 66532 | Vaults:5 | Identified the orb of Rarom {light, rElec rCorr}
 66532 | Vaults:5 | Noticed Frederick
 66637 | Vaults:5 | Killed Frederick
 66810 | Vaults:5 | Reached skill level 23 in Hexes
 67149 | Vaults:5 | Identified the +4 orcbow "Orb Guardian's Bane" {drain, rF-
                  | Will+ Int+2}
 67543 | Vaults:5 | Noticed an ancient lich
 67555 | Vaults:5 | Killed an ancient lich
 67976 | Vaults:5 | Identified the +10 orcbow "Ezalic" {flame, Will+ Int+3}
 68212 | Vaults:5 | Identified the +6 morningstar "Zetradaesm" {freeze, rC+
                  | Int+6}
 69256 | Zot:1    | Entered Level 1 of the Realm of Zot
 69918 | Zot:2    | Noticed a curse toe
 69918 | Zot:2    | Noticed Grunn
 69922 | Zot:2    | Noticed a curse toe
 70246 | Zot:2    | Noticed a curse toe
 70354 | Zot:1    | Reached XP level 27. HP: 107/211 MP: 0/0
 70354 | Zot:1    | Learned a level 9 spell: Fire Storm
 70883 | Zot:2    | Reached skill level 24 in Hexes
 71830 | Zot:2    | Killed Grunn
 71961 | Zot:2    | Reached skill level 25 in Hexes
 73137 | Zot:2    | Found a snail-covered altar of Cheibriados.
 73161 | Zot:2    | Found a snail-covered altar of Cheibriados.
 73878 | Zot:3    | Noticed a Killer Klown
 73909 | Zot:3    | Killed a Killer Klown
 74147 | Zot:3    | Reached skill level 26 in Hexes
 75182 | Zot:3    | Identified the +2 helmet of the Grue {Harm rElec Dex+3}
 75471 | Zot:4    | Reached skill level 27 in Hexes
 76686 | Zot:5    | Entered Level 5 of the Realm of Zot
 76881 | Zot:5    | Noticed a Killer Klown
 76886 | Zot:5    | Noticed a Killer Klown
 76891 | Zot:5    | Noticed an orb of fire
 76899 | Zot:5    | Killed a Killer Klown
 76906 | Zot:5    | Killed a Killer Klown
 76912 | Zot:5    | Noticed a Killer Klown
 76920 | Zot:5    | Noticed an orb of fire
 76935 | Zot:5    | Killed an ancient lich
 77045 | Zot:5    | Noticed an orb of fire
 77052 | Zot:5    | Noticed a dread lich
 77093 | Zot:5    | Killed an orb of fire
 77113 | Zot:5    | Noticed an orb of fire
 77126 | Zot:5    | Got the Orb of Zot
 77201 | Zot:5    | Noticed Suosas the pandemonium lord
 77290 | Zot:1    | Noticed Zoikheen the pandemonium lord
 77515 | D:10     | Identified the +3 robe of the Chimera {*Slow +Blink Fly
                  | Slay+5}
 77515 | D:10     | Noticed Boris
 77618 | D:4      | Noticed Ponwiost the pandemonium lord
 77642 | D:3      | Noticed Qudemeaku the pandemonium lord
 77764 | D:$      | Escaped with the Orb!

Illustrated notes

Levels and vault maps discovered:
D:1:      dpeg_arrival_arbitrary_b, layout_loops_ring, serial_shops, shop,
          ebering_ecumenical_altar_hall
D:2:      layout_rooms, st_stairs_12
D:3:      layout_basic, zin_statuary, nicolae_ru_awakened_eye, serial_shops,
          shop, uniq_sigmund
D:4:      layout_rooms, mainiacjoe_overflow_small_starburst,
          mainiacjoe_overflow_alcove_1
D:5:      layout_basic, lemuel_crystal_altar, temple_fountains,
          ebering_ghost_sewer_f, st_stairs_10, minmay_misc_feat_diagonals,
          minmay_misc_feat_roman, uniq_blork_the_orc, uniq_ijyb
D:6:      layout_cave_pools, uniq_jeremiah, uniq_pikel
D:7:      layout_basic, nicolae_tso_besieged_by_evil, serial_shops,
          nicolae_shop_window_shopping, serial_glass, glass_columns_a,
          glass_columns_a, glass_columns_a, glass_columns_b, uniq_maggie,
          uniq_joseph
D:8:      layout_basic, mainiacjoe_overflow_six_doors_small,
          mainiacjoe_overflow_alcove_2, erik_lair_island, minmay_curled_crystal
D:9:      layout_rooms, nicolae_overflow_two_pavilions,
          grunt_temple_overflow_lords_of_destruction, orc_0_dummy
D:10:     layout_roguey, hellmonk_okawaru_the_only_friend_you_need,
          kennysheep_flooded_box, hangedman_decor_growths
D:11:     layout_loops_cross, serial_co_window_serial, co_window_cross_1,
          co_window_corner_a, co_window_corner_a, co_window_paths_a,
          co_window_of_opportunity_a, co_window_paths_b, co_window_paths_b,
          co_window_corner_ca, co_window_broadway_a, co_window_of_opportunity_b,
          co_window_cross_2, co_window_broadway_a, co_window_of_opportunity_c,
          co_window_unsneaky_path_e, co_window_4corner_b
D:12:     layout_basic, uniq_erolcha
D:13:     layout_basic, grunt_vaults_entry_fortified, gauntlet_entry_generic,
          argonaut_gorgonesque, uniq_nessos
D:14:     layout_rooms, hex_medium, serial_corexii_hall,
          chequers_hall_statues_wall_a, corexii_hall_statues_x,
          corexii_hall_statues_s, chequers_hall_statues_corner_a,
          minmay_misc_feat_cross
D:15:     grunt_enter_depths_magical_seal, layout_irregular_city,
          ashenzari_altar_1
Temple:   nicolae_temple_cloud_nine
Lair:1:   layout_long_grid, grunt_megastairs_1, uniq_urug
Lair:2:   dragon1_lemuel, layout_chaotic_city, minmay_swamp_entry_reptiles,
          minmay_snake_entry_six_corridors, grunt_forest_stairs_clearing
Lair:3:   layout_cave_pods, portal_ice_cave_entry_pillars_1, grunt_megastairs_3,
          lemuel_fruit_tree, lemuel_fruit_fields
Lair:4:   layout_layer_cave, slime_entry_1, serial_bayou_lake_a
Lair:5:   hangedman_lair_caniforms_friends, layout_big_grid,
          hangedman_lair_tendril_chambers, ebering_ghost_funeral_grove,
          hellmonk_guarded_unrand_seven_league_boots
Swamp:1:  layout_basic_swamp, nicolae_swamp_small_spring,
          nicolae_swamp_spriggan_camp
Swamp:2:  layout_basic_swamp, evilmike_swamp_ruin_house_1,
          nicolae_swamp_decorative_isthmus
Swamp:3:  layout_basic_swamp, evilmike_swamp_ruin_house_6, swamp_pool_1_2
Swamp:4:  swamp_old_school, layout_basic_swamp, gammafunk_ghost_split,
          swamp_pool_1_2, uniq_mara
Snake:1:  layout_layer_cave, nicolae_shop_vocational, uniq_mlioglotl
Snake:2:  layout_misc_corridors, nicolae_alphabet_shops,
          nicolae_snake_magic_snake_eye
Snake:3:  cheibrodos_snake_ritualist_ritual, layout_cave_town,
          nicolae_twisty_statue_hallways
Snake:4:  grunt_snake_rune_pools, layout_cave_town, uniq_asterion
Orc:1:    hellmonk_paralyzer, layout_caves, gammafunk_ghost_grave,
          trog_butcher_becter
Orc:2:    st_orc_congregation, layout_caves, hellmonk_ghost_happy_afterlife,
          minmay_orc_temple_a
Elf:1:    layout_geoelf_grid, serial_sigils, serial_sigils_hangedman_etch,
          serial_sigils_hangedman_writhe, serial_sigils_hangedman_stare,
          serial_sigils_hangedman_clutch, serial_sigils_hangedman_shear,
          serial_sigils_hangedman_gut, serial_shops,
          nicolae_shop_back_alley_shop, amcnicky_mini_rare_corridor_liquid
Elf:2:    nicolae_elf_blades_crystal_corner, layout_gridlike, serial_shops,
          nicolae_shop_bloodbath_and_beyond, basic_altar, grunt_megastairs_5
Elf:3:    elf_hall, layout_geoelf_castle, basic_altar
Vaults:1: nicolae_vaults_prndl, ontoclasm_vaults_idyll,
          nicolae_vaults_closet_pinwheel_5,
          nicolae_vaults_offset_grid_hallway_2, grunt_vaults_bifocal,
          hangedman_vaults_snaps, vaults_dpeg_emergency_exit,
          nicolae_vaults_shrinking_rooms_2, vaults_room_grid,
          nicolae_vaults_display_case, nicolae_vaults_house_2,
          layout_vaults_omnigrid, uniq_zenata, uniq_nikola
Vaults:2: v_misc_12, serial_library_hellmonk_narrow_alcove,
          minmay_crypt_entry_simple_round, vaults_room_corners,
          vaults_room_fours, nicolae_vaults_turnstiles, vaults_room_door_hall,
          nicolae_vaults_house_3, nicolae_vaults_prndl,
          nicolae_vaults_diagonal_hallway_9, layout_vaults_omnicross,
          uniq_norris, uniq_sojobo, uniq_margery
Vaults:3: vaults_dpeg_spiral, vaults_standard_mumra_enter_the_diamond,
          v_misc_13, nicolae_vaults_tangram_1, v_misc_32, vaults_room_fours,
          vaults_standard_mumra_x, vaults_dpeg_hooks, layout_vaults_omnibox,
          nicolae_trove_entry_diagonal, serial_shops,
          nicolae_shop_window_shopping
Vaults:4: v_alt_pattern_1, ontoclasm_vaults_bender,
          nicolae_vaults_double_plus_3, nicolae_vaults_branching_niches,
          nicolae_vaults_trapezoid_3, nicolae_vaults_three_branches, v_rooms_2,
          nicolae_vaults_cornered_office, vaults_mumra_minichess,
          vaults_standard_mumra_enter_the_diamond, ontoclasm_vaults_spin,
          vaults_room_semicircle, hangedman_vaults_stretched_pinwheel,
          v_misc_25, nicolae_vaults_trapezoid_lopsided_3, layout_vaults_ring
Vaults:5: uniq_frederick
Crypt:1:  layout_rooms, uniq_saint_roka, uniq_boris
Crypt:2:  layout_regular_city
Crypt:3:  due_elkab, layout_chaotic_city
Depths:1: layout_gridville, nicolae_abyss_entry_one_way_or_another, hell_entry,
          nicolae_uskayaw_dance_hall, solitary_fountain, fedhas_altar_2
Depths:2: minmay_the_grid_net [minmay_the_grid_expand, minmay_the_grid_fan,
          minmay_the_grid_airy, minmay_the_grid_aliased_spiral,
          minmay_the_grid_square_x, minmay_the_grid_prize_trominoes],
          layout_gridlike, hellmouth_1, pan_entry, nicolae_hexahallways
Depths:3: minmay_dotted_concentric_squares, layout_honeycomb, enter_ziggurat_f,
          hangedman_abyss_entry_splay, hell_entry, grunt_pan_entry_spiral,
          chequers_serial_rivers_small_b
Depths:4: evilmike_zot_entry_round, layout_gridville, rand_demon_pan_entry_7,
          hell_entry, ebering_ghost_reflecting_pool, serial_shops,
          nicolae_book_shop_shelving, chequers_serial_rivers_micro_c,
          nicolae_inconvenience_store, nicolae_sif_muna_condensation
Zot:1:    layout_misc_corridors, st_stairs_11
Zot:2:    hangedman_snap_crack_crunch, layout_cathedral_of_symmetry,
          regret_index_zotdec_serpentine_coiled, grunt_ministairs_13, uniq_grunn
Zot:3:    minmay_elemental_castle, layout_misc_corridors,
          regret_index_zotdec_onion_hex
Zot:4:    layout_cathedral_of_symmetry, grunt_ministairs_13
Zot:5:    layout_basic

Skill      XL: |  1  2  3  4  5  6  7  8  9 10 11 12 13 14 15 16 17 18 19 20 21 22 23 24 25 26 27 |
---------------+----------------------------------------------------------------------------------+-----
Stealth        | 2 3 |  3.0
Spellcasting   | 4 5 6 7 8 11 12 13 14 15 16 17 18 19 20 21 22 24 | 24.6
Conjurations   | 4 5 6 7 8 11 12 13 14 15 16 17 18 19 20 21 22 24 | 24.6
Hexes          | 4 5 6 7 8 11 12 13 14 15 16 17 18 19 20 21 22 23 27 | 27.0
Summonings     | 4 5 6 7 8 11 12 13 14 15 16 17 18 19 20 21 22 24 | 24.6
Necromancy     | 4 5 6 7 8 11 12 13 14 15 16 17 18 19 20 21 22 24 | 24.6
Translocations | 4 5 6 7 8 11 12 13 14 15 16 17 18 19 20 21 22 24 | 24.6
Fire Magic     | 4 5 6 7 8 11 12 13 14 15 16 17 18 19 20 21 22 24 | 24.6
Ice Magic      | 4 5 6 7 8 11 12 13 14 15 16 17 18 19 20 21 22 24 | 24.6
Air Magic      | 4 5 6 7 8 11 12 13 14 15 16 17 18 19 20 21 22 24 | 24.6
Earth Magic    | 4 5 6 7 8 11 12 13 14 15 16 17 18 19 20 21 22 24 | 24.6
Alchemy        | 4 5 6 7 8 11 12 13 14 15 16 17 18 19 20 21 22 24 | 24.6
Fighting       | 2 4 5 6 8 9 11 13 14 15 17 18 19 20 21 | 21.9
Long Blades    | 1 3 4 7 9 10 | 10.4
Dodging        | 3 5 6 7 9 10 11 12 13 15 16 | 16.3
Evocations     | 3 5 8 12 | 12.6
Shields        | 1 5 6 10 13 14 15 16 18 | 18.8
Staves         | 8 9 12 | 12.0

Action                     |  1- 3 |  4- 6 |  7- 9 | 10-12 | 13-15 | 16-18 | 19-21 | 22-24 | 25-27 || total
---------------------------+-------+-------+-------+-------+-------+-------+-------+-------+-------++-------
  Melee: Dagger            |       |    11 |       |       |       |       |       |       |       ||    11
         Long sword        |       |       |    62 |   110 |   105 |    10 |       |       |       ||   287
         Staff             |       |       |       |       |    18 |    11 |     8 |    41 |    60 ||   138
  Throw: Dart              |       |       |       |     4 |       |       |       |       |       ||     4
   Cast: Magic Dart        |    46 |    70 |    97 |   143 |   190 |    41 |    45 |     2 |    11 ||   645
         Call Imp          |       |    10 |    26 |     7 |     5 |       |       |       |     1 ||    49
         Mephitic Cloud    |       |     2 |    24 |    59 |   111 |    37 |     8 |     5 |       ||   246
         Slow              |       |     1 |     7 |     1 |     3 |     1 |       |       |       ||    13
         Ensorcelled Hiber |       |     1 |       |     7 |       |       |       |       |       ||     8
         Searing Ray       |       |       |    15 |     7 |    49 |    26 |     3 |     2 |       ||   102
         Flame Wave        |       |       |     3 |    29 |    17 |    13 |     9 |     1 |       ||    72
         Blink             |       |       |     1 |       |       |       |       |       |       ||     1
         Iskenderun's Myst |       |       |       |    75 |   304 |   461 |   356 |   305 |   298 ||  1799
         Yara's Violent Un |       |       |       |       |    80 |    34 |    34 |    55 |    40 ||   243
         Death Channel     |       |       |       |       |     6 |     1 |     1 |       |     1 ||     9
         Plasma Beam       |       |       |       |       |       |   133 |   276 |   304 |   613 ||  1326
         Monstrous Menager |       |       |       |       |       |       |     9 |    20 |    23 ||    52
         Discord           |       |       |       |       |       |       |       |    33 |    78 ||   111
         Fire Storm        |       |       |       |       |       |       |       |       |     1 ||     1
 Invoke: Bribe Branch      |       |       |       |       |       |       |       |       |     7 ||     7
         Potion Petition   |       |       |       |       |       |       |       |       |     1 ||     1
  Evoke: Wand              |       |       |     1 |     8 |    11 |    10 |    10 |     5 |    18 ||    63
    Use: Scroll            |       |       |    12 |     8 |    10 |     5 |     6 |     1 |    10 ||    52
         Potion            |       |       |       |       |       |     1 |     1 |     1 |     5 ||     8
   Stab: Confused          |       |       |     6 |    12 |    19 |       |       |       |       ||    37
         Distracted        |       |       |       |     2 |     2 |       |       |     1 |       ||     5
         Sleeping          |       |       |       |     4 |       |       |       |       |       ||     4
         Paralysed         |       |       |       |       |       |       |       |       |     3 ||     3
 Armour: Robe              |     5 |     7 |    57 |    23 |       |       |       |       |       ||    92
         Steam dragon scal |       |       |       |   106 |   158 |   200 |   142 |   163 |   225 ||   994
  Dodge: Dodged            |       |     8 |    52 |   120 |   181 |   156 |   133 |   116 |   186 ||   952
  Block: Buckler           |       |       |       |     1 |    57 |    21 |       |       |       ||    79
         Kite shield       |       |       |       |       |       |   119 |   143 |   111 |   225 ||   598
         Reflection        |       |       |       |       |       |    22 |    38 |    14 |     9 ||    83

Table legend: (Time is in decaauts)
 A = Elapsed time spent in this place.
 B = Non-inter-level travel time spent in this place.
 C = Inter-level travel time spent in this place.
 D = Time resting spent in this place.
 E = Time spent auto-exploring this place.
 F = Levels seen in this place.
 G = Mean time per level.
                   A        B        C        D        E       F      G
               +--------+--------+--------+--------+--------+-----+--------+
         Total |  78077 |  70007 |   8070 |  13183 |  13435 |  52 | 1501.5 |
       Dungeon |  17914 |  14776 |   3138 |   1540 |   4840 |  15 | 1194.3 |
        Temple |     17 |      9 |      8 |      0 |      0 |   1 |   17.0 |
          Lair |  10409 |   9182 |   1227 |   1377 |   1119 |   5 | 2081.8 |
         Swamp |   4106 |   3624 |    482 |    713 |    767 |   4 | 1026.5 |
     Snake Pit |   6497 |   5877 |    620 |   1155 |    985 |   4 | 1624.2 |
  Orcish Mines |   2507 |   2184 |    323 |    156 |    461 |   2 | 1253.5 |
   Elven Halls |   4593 |   4204 |    389 |    674 |    879 |   3 | 1531.0 |
        Vaults |  11289 |  10619 |    670 |   2211 |   1812 |   5 | 2257.8 |
         Crypt |   5610 |   5350 |    260 |   1572 |    678 |   3 | 1870.0 |
        Depths |   6728 |   6178 |    550 |   1501 |    799 |   4 | 1682.0 |
           Zot |   7892 |   7494 |    398 |   2282 |    952 |   5 | 1578.4 |
      Gauntlet |    511 |    511 |      0 |      0 |    143 |   1 |  511.0 |
               +--------+--------+--------+--------+--------+-----+--------+

Top non-repeatable levels by time:
 Crypt:3: 3114 daAuts
  Lair:5: 3114 daAuts
Vaults:2: 2722 daAuts
Vaults:5: 2508 daAuts
  Lair:2: 2268 daAuts
Vaults:1: 2267 daAuts
   Elf:3: 2242 daAuts
Vaults:4: 2149 daAuts
   Zot:2: 2034 daAuts
   Zot:1: 2033 daAuts
   Zot:3: 2029 daAuts
Depths:3: 2002 daAuts
 Snake:4: 1895 daAuts
Depths:4: 1892 daAuts
Depths:2: 1889 daAuts
